 Dungeon Crawl Stone Soup version 0.32-a0-612-g1c984fe9d1 (webtiles) character file.

Game seed: 12928374950328720153

1255 hikkokomori the Magician (level 8, -4/56 HPs)
             Began as a Mummy Necromancer on Mar 3, 2024.
             Was a Believer of Okawaru.
             Slain by a gnoll sergeant
             ... wielding a +0 glaive
              (12 damage)
             ... on level 5 of the Dungeon on Mar 4, 2024.
             The game lasted 00:22:18 (5437 turns).

hikkokomori the Magician (Mummy Necromancer)        Turns: 5437, Time: 00:22:19

Health: -4/56      AC:  5    Str: 18    XL:     8   Next: 26%
Magic:  1/18       EV: 12    Int: 19    God:    Okawaru [**....]
Gold:   77         SH:  0    Dex: 12    Spells: 5/21 levels left

rFire   x . .        r - +7 hand axe of the Shimmering Pariah {drain, Int+3}
rCold   + . .        (no shield)
rNeg    + + +        a - +0 robe
rPois   ∞            l - +0 helmet
rElec   .            d - +0 cloak
rCorr   .            n - +0 pair of gloves
SInv    .            (no boots)
Will    +....        (no amulet)
Stlth   ++           q - +6 ring of strength
HPRegen 0.29/turn    (no ring)
MPRegen 0.16/turn

%: faith
@: fugue (expiring)
A: cold resistance 1, negative energy resistance 3, torment resistance 2, heat
vulnerability 1, in touch with death 1, no potions, faith
a: Renounce Religion, Heroism


You were on level 5 of the Dungeon.
You worshipped Okawaru.
Okawaru was pleased with you.
You visited 2 branches of the dungeon, and saw 6 of its levels.

You collected 202 gold pieces.
You spent 125 gold pieces at shops.

Inventory:

Hand Weapons
 b - a +0 dagger
 j - a +1 heavy hand axe
 o - a +0 mace
 r - the +7 hand axe of the Shimmering Pariah (weapon) {drain, Int+3}
   (You found it on level 3 of the Dungeon)

   Int+3:     It affects your intelligence (+3).
 t - a +4 flail of holy wrath
 u - the +8 war axe of the Shimmering Augurer {pain, *Rage rC+++ Int-3 Stlth+}
   (You found it on level 5 of the Dungeon)

   Int-3:     It affects your intelligence (-3).
   rC+++:     It renders you almost immune to cold.
   *Rage:     It berserks you when you make melee attacks (+20% chance).
   Stlth+:    It makes you more stealthy.
Missiles
 p - 5 boomerangs
Armour
 a - a +0 robe (worn)
 d - a +0 cloak (worn)
 l - a +0 helmet (worn)
 n - a +0 pair of gloves (worn)
Magical Staves
 i - a staff of conjuration
Jewellery
 q - a +6 ring of strength (left hand)
Scrolls
 c - 3 scrolls of teleportation
 e - 3 scrolls of identify
 f - 3 scrolls of blinking
 g - a scroll of vulnerability
 h - a scroll of fog
 k - a scroll of acquirement
 m - 2 scrolls of poison
 s - 2 scrolls of immolation


   Skills:
 - Level 2.0 Fighting
 + Level 2.5 Axes
 - Level 1.7 Dodging
 - Level 2.0 Stealth
 - Level 7.0 Spellcasting
 - Level 2.0 Conjurations
 + Level 2.9 Hexes
 - Level 5.0 Necromancy
 - Level 2.0 Ice Magic
 - Level 2.0 Earth Magic
 - Level 2.0 Invocations


You had 5 spell levels left.
You knew the following spells:

 Your Spells              Type           Power      Damage    Failure   Level
a - Necrotise             Necr           100%       1d9       1%          1
b - Stone Arrow           Conj/Erth      28%        3d8       13%         3
c - Animate Dead          Necr           38%        N/A       13%         4
d - Ensorcelled Hibernat  Hex/Ice        32%        N/A       5%          2
e - Fugue of the Fallen   Necr           38%        N/A       3%          3
f - Vampiric Draining     Necr           38%        2d8       3%          3

Your spell library contained the following spells:

 Spells                   Type           Power      Damage    Failure   Level
 Magic Dart               Conj           56%        1d5       4%          1
 Shock                    Conj/Air       40%        1d5       7%          1
 Searing Ray              Conj           28%        2d5       7%          2
 Anguish                  Hex/Necr       16%        N/A       21%         4
 Swiftness                Air            6%         N/A       30%         3
 Curse of Agony           Necr           38%        N/A       34%         5
 Fulminant Prism          Conj/Alch      5%         3d6       54%         4
 Petrify                  Alch/Erth      10%        N/A       54%         4
 Borgnjor's Vile Clutch   Necr/Erth      15%        N/A       54%         5
 Airstrike                Air            3%         2d(1-17)  69%         4
 Irradiate                Conj/Alch      5%         3d13      88%         5
 Lehudib's Crystal Spear  Conj/Erth      7%         10d3      100%        8
 Sublimation of Blood     Necr           Unusable   N/A       N/A         2
 Animate Armour           Summ/Erth      Unusable   N/A       N/A         4
 Death Channel            Necr           Unusable   N/A       N/A         6

Dungeon Overview and Level Annotations

Branches:
Dungeon (5/15)             Temple (1/1) D:4

Altars:
Ashenzari
Cheibriados
Dithmenos
Gozag
Hepliaklqana
Kikubaaqudgha
Nemelex Xobeh
Okawaru
Ru
Sif Muna
Trog
Uskayaw
Vehumet
Wu Jian
Xom
Yredelemnul

Shops:
D:4 ?

Annotations:
D:3 3 runed translucent doors, Sobieck's ghost, amateur SpEE


Innate Abilities, Weirdness & Mutations

You are immune to poison.
Your flesh is cold resistant. (rC+)
You are immune to negative energy. (rN+++)
You are immune to unholy pain and torment.
You are vulnerable to heat. (rF-)
You are in touch with the powers of death.
You do not drink.
You have a special connection with the divine. (Faith)


Message History

The phantom hits you but does no damage.
You hit the phantom.
The phantom is severely damaged.
A gnoll sergeant comes into view. It is wielding a +0 glaive.
The phantom hits you but does no damage.
You miss the phantom.
The phantom is severely damaged.
The phantom barely misses you. The phantom hits you.
The phantom blinks!
You blink.
You slash the phantom!
You destroy the phantom!
Okawaru accepts your kill. The gnoll sergeant closely misses you.
You hit the gnoll sergeant but do no damage.
The gnoll sergeant hits you with a +0 glaive!
* * * LOW HITPOINT WARNING * * *
You slash the gnoll sergeant!
The gnoll sergeant is moderately wounded.
You are losing your grip on the fallen.
The gnoll sergeant hits you with a +0 glaive.
* * * LOW HITPOINT WARNING * * *
Casting: Vampiric Draining (dangerous; 3% risk of failure)
Confirm with . or Enter, or press ? or * to list all spells.
Aiming: Ensorcelled Hibernation (safe; 5% risk of failure)
Press: ? - help, Shift-Dir - straight line, f - gnoll sergeant
Aim: a gnoll sergeant, wielding a +0 glaive and wearing a +0 scale mail (moderately wounded, chance to affect: 50%)
The gnoll sergeant looks drowsy...
The wailing of tortured souls fills the air!
You can't drink.
The helpless gnoll sergeant fails to defend itself.
You hit the gnoll sergeant. You drain the gnoll sergeant.
The gnoll sergeant is severely wounded.
The gnoll sergeant closely misses you.
You hit the gnoll sergeant but do no damage.
The gnoll sergeant is severely wounded.
The gnoll sergeant closely misses you.
You hit the gnoll sergeant.
The gnoll sergeant is severely wounded.
The gnoll sergeant hits you with a +0 glaive!
You die...

##### ###########
#...###..)......#
#.ß.'#...#......#
#...#...##...g..#
###...#..##'..@###...#
#.'.ß.'###.#...# ..#
###.#...#.#. #...# #
..†.#...#..##'###.
....#.ß.'##..# ..
....#...###.## ...
....##### ### ####
....# >...#


You could see a gnoll sergeant (drained).

Vanquished Creatures
  Edmund (D:5)
  A black bear (D:5)
  An ogre (D:5)
  A phantom (D:5)
  2 scorpions (D:5)
  A howler monkey (D:4)
  2 jellies (D:5)
  4 hounds
  2 sleepcaps (D:5)
  2 orc wizards
  3 iguanas
  14 adders
  3 white imps (D:5)
  3 ufetubi (D:5)
  2 dart slugs
  6 ribbon worms
  16 orcs
  10 ball pythons
  4 endoplasms
  6 giant cockroaches
  6 goblins
  9 hobgoblins
  3 jackals (D:1)
  5 quokkas
  5 bats
  3 frilled lizards
  8 kobolds
  3 rats
126 creatures vanquished.

Vanquished Creatures (collateral kills)
  An orc priest (D:4)
  2 orc wizards (D:4)
  A dart slug (D:2)
  An orc (D:4)
  An endoplasm (D:1)
  A giant cockroach (D:1)
7 creatures vanquished.

Grand Total: 133 creatures vanquished

Notes
Turn   | Place    | Note
-------+----------+-------------------------------------------
     0 | D:1      | hikkokomori the Mummy Necromancer began the quest for the
                  | Orb.
     0 | D:1      | Reached XP level 1. HP: 13/13 MP: 4/4
   243 | D:1      | Reached skill level 3 in Spellcasting
   298 | D:1      | Reached XP level 2. HP: 13/19 MP: 4/6
   730 | D:1      | Found a faded altar of an unknown god.
   825 | D:1      | Reached XP level 3. HP: 21/24 MP: 1/8
  1361 | D:2      | Reached skill level 4 in Spellcasting
  1574 | D:2      | Reached XP level 4. HP: 30/30 MP: 7/10
  1662 | D:2      | Learned a level 3 spell: Stone Arrow
  1667 | D:2      | Learned a level 4 spell: Animate Dead
  2026 | D:2      | Upgraded the game from 0.32-a0-599-gba8f9cf90e to
                  | 0.32-a0-612-g1c984fe9d1
  2179 | D:2      | Reached skill level 5 in Necromancy
  2767 | D:3      | Reached XP level 5. HP: 34/35 MP: 9/12
  2884 | D:3      | Reached skill level 5 in Spellcasting
  2884 | D:3      | Reached skill level 1 in Conjurations
  2884 | D:3      | Reached skill level 1 in Earth Magic
  3092 | D:3      | Found a broken altar of Ashenzari.
  3141 | D:3      | Found a runed translucent gate.
  3141 | D:3      | Found a runed translucent gate.
  3141 | D:3      | Found a runed translucent gate.
  3143 | D:3      | Noticed Sobieck's ghost (amateur SpEE)
  3300 | D:3      | Found an ornate altar of the Wu Jian Council.
  3392 | D:3      | Identified the +7 hand axe of the Shimmering Pariah {drain,
                  | Int+3}
  3858 | D:4      | Reached XP level 6. HP: 42/42 MP: 8/13
  3937 | D:4      | Reached skill level 1 in Fighting
  4088 | D:4      | Found Fely's Magic Scroll Shoppe.
  4093 | D:4      | Bought a scroll of blinking for 75 gold pieces
  4093 | D:4      | Bought a scroll of identify for 20 gold pieces
  4093 | D:4      | Bought a scroll of teleportation for 30 gold pieces
  4096 | D:4      | Identified a scroll of acquirement
  4148 | D:4      | Found a staircase to the Ecumenical Temple.
  4159 | D:4      | Learned a level 2 spell: Ensorcelled Hibernation
  4173 | Temple   | Entered the Ecumenical Temple
  4178 | Temple   | Learned a level 3 spell: Fugue of the Fallen
  4182 | Temple   | Learned a level 3 spell: Vampiric Draining
  4185 | Temple   | Became a worshipper of Warmaster Okawaru
  4562 | D:5      | Entered Level 5 of the Dungeon
  4583 | D:5      | Reached skill level 6 in Spellcasting
  4630 | D:5      | Reached XP level 7. HP: 50/50 MP: 7/16
  5110 | D:5      | Noticed Edmund
  5123 | D:5      | Killed Edmund
  5124 | D:5      | Reached skill level 1 in Axes
  5124 | D:5      | Reached skill level 1 in Hexes
  5124 | D:5      | Reached skill level 1 in Ice Magic
  5124 | D:5      | Reached skill level 1 in Invocations
  5135 | D:5      | Identified the +8 war axe of the Shimmering Augurer {pain,
                  | *Rage rC+++ Int-3 Stlth+}
  5227 | D:5      | Reached * piety under Okawaru
  5406 | D:5      | Reached XP level 8. HP: 52/56 MP: 12/18
  5420 | D:5      | Reached skill level 7 in Spellcasting
  5430 | D:5      | Reached ** piety under Okawaru
  5437 | D:5      | Slain by a gnoll sergeant

Illustrated notes

Levels and vault maps discovered:
D:1:      roderic_dead_forest, layout_basic, ebering_ecumenical_altar_abandoned
D:2:      minmay_wonky_spiral, layout_basic
D:3:      kb_forest_paths, layout_basic, mainiacjoe_overflow_catwalk,
          nicolae_overflow_squiral, gammafunk_ghost_split
D:4:      layout_cave_pools, minmay_temple_entry_mist, serial_shops,
          nicolae_shop_rolling_square, hangedman_abyss_or_decor_slice
D:5:      minmay_chambers_of_threes, layout_basic, grunt_ministairs_12,
          uniq_edmund
Temple:   nicolae_temple_x_marks_the_god

Skill      XL: |  1  2  3  4  5  6  7  8 |
---------------+-------------------------+-----
Spellcasting   | 3 4 5 6 7 |  7.0
Necromancy     | 5 |  5.0
Stealth        | 2 |  2.0
Conjurations   | 1 2 |  2.0
Earth Magic    | 1 2 |  2.0
Fighting       | 2 |  2.0
Axes           | 1 2 |  2.5
Hexes          | 2 |  2.9
Ice Magic      | 1 2 |  2.0
Invocations    | 2 |  2.0
Dodging        | |  1.7

Action                     |  1- 3 |  4- 6 |  7- 9 || total
---------------------------+-------+-------+-------++-------
  Melee: Unarmed           |    14 |       |       ||    14
         Dagger            |    45 |       |       ||    45
         Hand axe          |       |    39 |    72 ||   111
  Throw: Boomerang         |       |       |     5 ||     5
   Cast: Necrotise         |    60 |   114 |    20 ||   194
         Vampiric Draining |       |     1 |     5 ||     6
         Stone Arrow       |       |     1 |       ||     1
         Fugue of the Fall |       |       |     4 ||     4
         Ensorcelled Hiber |       |       |     4 ||     4
    Use: Scroll            |       |     5 |     2 ||     7
   Stab: Sleeping          |       |       |     2 ||     2
 Armour: Robe              |    48 |    44 |    93 ||   185
  Dodge: Dodged            |    51 |    60 |    87 ||   198

Table legend: (Time is in decaauts)
 A = Elapsed time spent in this place.
 B = Non-inter-level travel time spent in this place.
 C = Inter-level travel time spent in this place.
 D = Time resting spent in this place.
 E = Time spent auto-exploring this place.
 F = Levels seen in this place.
 G = Mean time per level.
                   A        B        C        D        E       F      G
               +--------+--------+--------+--------+--------+-----+--------+
         Total |   5478 |   5289 |    189 |     49 |   4311 |   6 |  913.0 |
       Dungeon |   5410 |   5228 |    182 |      0 |   4311 |   5 | 1082.0 |
        Temple |     68 |     61 |      7 |     49 |      0 |   1 |   68.0 |
               +--------+--------+--------+--------+--------+-----+--------+

Top non-repeatable levels by time:
     D:2: 1409 daAuts
     D:1: 1219 daAuts
     D:3: 1191 daAuts
     D:5: 894 daAuts
     D:4: 695 daAuts
  Temple: 68 daAuts
